[ AOE2 MATCH · #507158474 ]
UnrankedRomans vs Teutons
Player's team · LOSS
Rival team · WIN
[ REPLAY ANALYSIS · EXTRACTED FROM THE RECORDED GAME ]
Feudal
10:06
Castle
15:31
Imperial
40:22
| APM avg | 40.9 |
| APM peak | 59 |
| eAPM avg | 28.2 |
| Villagers / military | 148 / 51 |
Focus
⚔️ 34.9% · 🌾 65.1%
Spearman ×35 · Scorpion ×6 · Mangonel ×4 · Battering Ram ×4 · Trebuchet (Packed) ×2
Feudal
8:51
Castle
26:23
Imperial
38:45
| APM avg | 63.8 |
| APM peak | 96 |
| eAPM avg | 28.9 |
| Villagers / military | 141 / 62 |
Focus
⚔️ 37.9% · 🌾 62.1%
Knight ×25 · Scout Cavalry ×20 · Monk ×7 · Teutonic Knight ×6 · Mangonel ×2 · Trebuchet (Packed) ×2
Match map
Initial resources + every placement click. Lines = walls · curves = elevation contours. ◆ gold · ⬟ stone · ● berries · ✦ relic · ◌ wall gap
Your base· ✓ Closed at 15:31 · 68t walls · 2 gate(s)
CeCa_Mascherano014's base· ✓ Closed at 26:23 · 2t walls · 2 gate(s)
Smoothed initial terrain · ◌ = detected wall gap · hover for details
Inputs per minute
— Mati - - CeCa_Mascherano014
Build order — Mati
First 150 of 362 actions detected
| 0:00 | Queue | Villager (Male) |
| 0:01 | Queue | Villager (Male) |
| 0:02 | Build | House |
| 0:03 | Build | House |
| 0:14 | Queue | Villager (Male) |
| 0:16 | Queue | Villager (Male) |
| 1:09 | Queue | Villager (Male) |
| 1:55 | Queue | Villager (Male) |
| 2:16 | Queue | Villager (Male) |
| 2:36 | Queue | Villager (Male) |
| 2:54 | Queue | Villager (Male) |
| 3:04 | Build | Lumber Camp |
| 3:11 | Queue | Villager (Male) |
| 3:36 | Queue | Villager (Male) |
| 3:53 | Build | House |
| 4:13 | Queue | Villager (Male) |
| 4:17 | Build | House |
| 4:18 | Build | House |
| 4:22 | Queue | Villager (Male) |
| 4:29 | Queue | Villager (Male) |
| 4:58 | Queue | Villager (Male) |
| 5:29 | Queue | Villager (Male) |
| 5:29 | Queue | Villager (Male) |
| 5:30 | Build | Mill |
| 5:35 | Queue | Villager (Male) |
| 5:35 | Queue | Villager (Male) |
| 6:02 | Queue | Villager (Male) |
| 6:03 | Queue | Villager (Male) |
| 6:22 | Queue | Villager (Male) |
| 6:29 | Queue | Villager (Male) |
| 6:38 | Build | Mill |
| 6:41 | Queue | Villager (Male) |
| 7:08 | Queue | Villager (Male) |
| 7:23 | Build | Mining Camp |
| 7:52 | Research | Feudal Age |
| 9:05 | Research | Loom |
| 9:06 | Queue | Villager (Male) |
| 9:07 | Queue | Villager (Male) |
| 9:14 | Build | Palisade Wall |
| 9:21 | Build | Palisade Wall |
| 9:38 | Build | Palisade Wall |
| 9:42 | Build | Palisade Wall |
| 9:50 | Build | Palisade Wall |
| 9:54 | Queue | Villager (Male) |
| 9:54 | Queue | Villager (Male) |
| 10:02 | Build | Palisade Wall |
| 10:06 | Age | Feudal Age |
| 10:12 | Research | Double-Bit Axe |
| 10:49 | Build | Palisade Wall |
| 10:50 | Queue | Villager (Male) |
| 11:11 | Build | Market |
| 11:26 | Build | Palisade Wall |
| 11:46 | Build | Palisade Wall |
| 12:01 | Build | Blacksmith |
| 12:32 | Build | Palisade Wall |
| 12:51 | Research | Castle Age |
| 12:51 | Research | Castle Age |
| 13:12 | Build | Palisade Wall |
| 13:14 | Build | Palisade Wall |
| 13:32 | Build | Palisade Wall |
| 13:39 | Build | Watch Tower |
| 14:18 | Queue | Villager (Male) |
| 14:18 | Queue | Villager (Male) |
| 14:55 | Queue | Villager (Male) |
| 14:55 | Queue | Villager (Male) |
| 15:31 | Age | Castle Age |
| 15:33 | Build | Siege Workshop |
| 15:44 | Build | Farm |
| 15:47 | Build | Farm |
| 16:04 | Queue | Mangonel |
| 16:08 | Build | House |
| 16:10 | Queue | Villager (Male) |
| 16:17 | Build | Palisade Wall |
| 16:34 | Queue | Villager (Male) |
| 16:34 | Queue | Villager (Male) |
| 16:34 | Queue | Villager (Male) |
| 16:46 | Build | Lumber Camp |
| 16:51 | Build | House |
| 16:59 | Queue | Villager (Male) |
| 16:59 | Queue | Villager (Male) |
| 17:04 | Build | House |
| 17:35 | Queue | Villager (Male) |
| 17:48 | Queue | Villager (Male) |
| 17:49 | Queue | Villager (Male) |
| 17:49 | Queue | Villager (Male) |
| 17:54 | Queue | Mangonel |
| 17:56 | Queue | Villager (Male) |
| 17:56 | Queue | Villager (Male) |
| 17:56 | Queue | Villager (Male) |
| 18:25 | Build | Farm |
| 18:34 | Build | House |
| 18:36 | Build | House |
| 18:54 | Queue | Villager (Male) |
| 18:55 | Queue | Villager (Male) |
| 19:08 | Build | Town Center |
| 19:32 | Build | House |
| 19:54 | Build | House |
| 20:01 | Build | Palisade Gate |
| 20:24 | Build | Farm |
| 20:25 | Build | Farm |
| 20:25 | Build | Farm |
| 20:25 | Build | Farm |
| 20:28 | Queue | Villager (Male) |
| 20:28 | Queue | Villager (Male) |
| 20:40 | Queue | Villager (Male) |
| 20:40 | Queue | Villager (Male) |
| 20:53 | Build | Town Center |
| 20:59 | Build | House |
| 21:00 | Queue | Villager (Male) |
| 21:10 | Queue | Mangonel |
| 21:23 | Build | House |
| 21:24 | Build | Palisade Wall |
| 21:28 | Build | House |
| 21:32 | Queue | Villager (Male) |
| 21:36 | Build | Farm |
| 21:37 | Build | Farm |
| 21:37 | Build | Farm |
| 21:41 | Queue | Villager (Male) |
| 21:41 | Queue | Villager (Male) |
| 22:00 | Queue | Scorpion |
| 22:01 | Queue | Scorpion |
| 22:01 | Queue | Scorpion |
| 22:06 | Queue | Villager (Male) |
| 22:06 | Queue | Villager (Male) |
| 22:06 | Queue | Villager (Male) |
| 22:43 | Queue | Villager (Male) |
| 22:52 | Build | Market |
| 23:12 | Build | Barracks |
| 23:15 | Queue | Villager (Male) |
| 23:31 | Build | Town Center |
| 23:40 | Queue | Villager (Male) |
| 23:40 | Queue | Villager (Male) |
| 23:43 | Build | House |
| 23:43 | Build | House |
| 23:54 | Queue | Scorpion |
| 23:54 | Queue | Spearman |
| 23:58 | Build | Mill |
| 23:59 | Build | Farm |
| 23:59 | Build | Farm |
| 24:00 | Build | Farm |
| 24:07 | Queue | Villager (Male) |
| 24:08 | Queue | Villager (Male) |
| 24:13 | Build | House |
| 24:33 | Queue | Spearman |
| 24:42 | Queue | Spearman |
| 24:46 | Build | Farm |
| 24:47 | Build | Farm |
| 24:47 | Build | Farm |
| 24:55 | Queue | Battering Ram |
| 24:55 | Queue | Battering Ram |
Build order — CeCa_Mascherano014
First 150 of 320 actions detected
| 0:00 | Queue | Villager (Male) |
| 0:01 | Queue | Villager (Male) |
| 0:01 | Queue | Villager (Male) |
| 0:02 | Build | House |
| 0:04 | Build | House |
| 0:06 | Queue | Villager (Male) |
| 1:10 | Queue | Villager (Male) |
| 1:11 | Queue | Villager (Male) |
| 2:06 | Queue | Villager (Male) |
| 2:12 | Build | Lumber Camp |
| 2:27 | Queue | Villager (Male) |
| 2:28 | Queue | Villager (Male) |
| 2:29 | Queue | Villager (Male) |
| 2:54 | Queue | Villager (Male) |
| 2:54 | Queue | Villager (Male) |
| 3:13 | Queue | Villager (Male) |
| 3:13 | Queue | Villager (Male) |
| 3:20 | Build | House |
| 3:37 | Queue | Villager (Male) |
| 3:58 | Queue | Villager (Male) |
| 3:58 | Queue | Villager (Male) |
| 4:32 | Queue | Villager (Male) |
| 4:32 | Queue | Villager (Male) |
| 4:40 | Build | Mining Camp |
| 4:54 | Queue | Villager (Male) |
| 5:20 | Research | Loom |
| 5:20 | Research | Loom |
| 6:25 | Research | Feudal Age |
| 6:30 | Build | House |
| 6:58 | Build | Palisade Wall |
| 7:00 | Build | Palisade Wall |
| 7:46 | Queue | Villager (Male) |
| 8:03 | Build | House |
| 8:16 | Queue | Villager (Male) |
| 8:20 | Build | House |
| 8:51 | Age | Feudal Age |
| 8:53 | Build | Watch Tower |
| 8:57 | Queue | Villager (Male) |
| 9:12 | Queue | Villager (Male) |
| 9:15 | Research | Double-Bit Axe |
| 9:18 | Research | Town Watch |
| 9:27 | Build | Mill |
| 9:37 | Queue | Villager (Male) |
| 9:38 | Queue | Villager (Male) |
| 9:49 | Queue | Villager (Male) |
| 10:11 | Queue | Villager (Male) |
| 10:22 | Queue | Villager (Male) |
| 10:23 | Queue | Villager (Male) |
| 10:29 | Build | Watch Tower |
| 10:54 | Queue | Villager (Male) |
| 11:28 | Queue | Villager (Male) |
| 11:35 | Build | Watch Tower |
| 11:57 | Build | Blacksmith |
| 12:18 | Queue | Villager (Male) |
| 12:31 | Queue | Villager (Male) |
| 12:33 | Build | Farm |
| 12:35 | Build | Farm |
| 12:41 | Build | Farm |
| 12:42 | Build | Farm |
| 13:12 | Build | Farm |
| 13:33 | Queue | Villager (Male) |
| 13:37 | Queue | Villager (Male) |
| 14:04 | Queue | Villager (Male) |
| 14:06 | Build | Farm |
| 14:18 | Build | Watch Tower |
| 14:27 | Research | Fletching |
| 14:30 | Queue | Villager (Male) |
| 14:36 | Build | Barracks |
| 14:41 | Build | House |
| 14:42 | Build | House |
| 15:01 | Queue | Villager (Male) |
| 15:05 | Queue | Villager (Male) |
| 15:20 | Queue | Villager (Male) |
| 15:38 | Build | Stable |
| 15:41 | Queue | Villager (Male) |
| 15:43 | Build | Farm |
| 15:48 | Queue | Villager (Male) |
| 16:01 | Build | House |
| 16:17 | Build | Watch Tower |
| 16:21 | Queue | Villager (Male) |
| 16:25 | Build | Farm |
| 16:37 | Research | Scale Barding Armor |
| 16:41 | Build | Farm |
| 16:54 | Queue | Scout Cavalry |
| 16:58 | Build | Farm |
| 16:59 | Queue | Villager (Male) |
| 17:10 | Queue | Villager (Male) |
| 17:15 | Build | Farm |
| 17:20 | Build | Farm |
| 17:33 | Queue | Villager (Male) |
| 17:38 | Queue | Scout Cavalry |
| 17:40 | Build | Farm |
| 17:44 | Build | Farm |
| 17:54 | Build | Watch Tower |
| 17:58 | Queue | Villager (Male) |
| 18:00 | Build | Farm |
| 18:03 | Queue | Scout Cavalry |
| 18:27 | Queue | Scout Cavalry |
| 18:28 | Queue | Villager (Male) |
| 18:48 | Queue | Villager (Male) |
| 18:49 | Queue | Villager (Male) |
| 18:50 | Build | Farm |
| 19:04 | Queue | Villager (Male) |
| 19:06 | Build | Farm |
| 19:12 | Build | Watch Tower |
| 19:18 | Build | Farm |
| 19:21 | Queue | Scout Cavalry |
| 19:21 | Queue | Scout Cavalry |
| 19:26 | Research | Forging |
| 19:30 | Queue | Villager (Male) |
| 19:32 | Build | Farm |
| 19:39 | Queue | Villager (Male) |
| 19:48 | Build | Mining Camp |
| 19:55 | Queue | Scout Cavalry |
| 20:20 | Queue | Villager (Male) |
| 20:21 | Queue | Villager (Male) |
| 20:23 | Build | Mining Camp |
| 20:24 | Queue | Villager (Male) |
| 20:26 | Build | House |
| 20:27 | Build | House |
| 20:36 | Queue | Scout Cavalry |
| 20:43 | Research | Wheelbarrow |
| 20:52 | Queue | Villager (Male) |
| 21:01 | Queue | Scout Cavalry |
| 21:18 | Queue | Villager (Male) |
| 21:24 | Queue | Scout Cavalry |
| 21:35 | Research | Bloodlines |
| 21:41 | Queue | Villager (Male) |
| 22:03 | Queue | Villager (Male) |
| 22:04 | Queue | Villager (Male) |
| 22:07 | Queue | Villager (Male) |
| 22:27 | Queue | Scout Cavalry |
| 22:32 | Queue | Villager (Male) |
| 22:34 | Build | Market |
| 22:51 | Queue | Villager (Male) |
| 22:55 | Queue | Scout Cavalry |
| 23:10 | Build | Watch Tower |
| 23:15 | Queue | Scout Cavalry |
| 23:27 | Queue | Villager (Male) |
| 23:43 | Research | Castle Age |
| 24:13 | Queue | Scout Cavalry |
| 24:13 | Queue | Scout Cavalry |
| 24:23 | Build | Stable |
| 24:46 | Queue | Scout Cavalry |
| 24:52 | Build | House |
| 24:52 | Build | House |
| 24:55 | Build | House |
| 24:56 | Build | House |
| 25:20 | Queue | Scout Cavalry |
| 25:20 | Queue | Scout Cavalry |
Match timeline
| 6:58 | CeCa_Mascherano014 · wall_segment Palisade Wall x1 |
| 7:00 | CeCa_Mascherano014 · wall_segment Palisade Wall x1 |
| 8:51 | CeCa_Mascherano014 · age_up feudal |
| 9:14 | Mati · wall_segment Palisade Wall x8 |
| 9:21 | Mati · wall_segment Palisade Wall x6 |
| 9:38 | Mati · wall_segment Palisade Wall x3 |
| 9:42 | Mati · wall_segment Palisade Wall x8 |
| 9:50 | Mati · wall_segment Palisade Wall x8 |
| 10:02 | Mati · wall_segment Palisade Wall x1 |
| 10:06 | Mati · age_up feudal |
| 10:49 | Mati · wall_segment Palisade Wall x7 |
| 11:26 | Mati · wall_segment Palisade Wall x2 |
| 11:46 | Mati · wall_segment Palisade Wall x6 |
| 12:13 | Mati · first_market_buy 100 food |
| 12:32 | Mati · wall_segment Palisade Wall x4 |
| 12:38 | Mati · first_market_sell 100 wood |
| 13:12 | Mati · wall_segment Palisade Wall x6 |
| 13:14 | Mati · wall_segment Palisade Wall x4 |
| 13:32 | Mati · wall_segment Palisade Wall x5 |
| 14:36 | CeCa_Mascherano014 · first_building Barracks |
| 15:31 | Mati · age_up castle |
| 15:33 | Mati · first_building Siege Workshop |
| 15:38 | CeCa_Mascherano014 · first_building Stable |
| 16:17 | Mati · wall_segment Palisade Wall x1 |
| 21:24 | Mati · wall_segment Palisade Wall x1 |
| 23:12 | Mati · first_building Barracks |
| 23:28 | CeCa_Mascherano014 · first_market_buy 100 food |
| 26:23 | CeCa_Mascherano014 · age_up castle |
| 26:33 | CeCa_Mascherano014 · first_building Castle |
| 27:30 | Mati · wall_segment Stone Wall x1 |
| 27:32 | Mati · wall_segment Stone Wall x1 |
| 27:33 | Mati · wall_segment Stone Wall x1 |
| 27:36 | Mati · wall_segment Stone Wall x1 |
| 27:37 | Mati · wall_segment Stone Wall x1 |
| 27:38 | Mati · wall_segment Stone Wall x1 |
| 27:39 | Mati · wall_segment Stone Wall x1 |
| 27:50 | CeCa_Mascherano014 · first_building Siege Workshop |
| 27:52 | Mati · wall_segment Stone Wall x1 |
| 27:53 | Mati · wall_segment Stone Wall x1 |
| 27:55 | Mati · wall_segment Stone Wall x1 |
| 30:33 | CeCa_Mascherano014 · first_building Monastery |
| 35:00 | Mati · first_building Castle |
| 38:34 | CeCa_Mascherano014 · first_market_sell 500 food |
| 38:45 | CeCa_Mascherano014 · age_up imperial |
| 40:01 | Mati · first_building Monastery |
| 40:22 | Mati · age_up imperial |
| 42:33 | Mati · resign |
[ AI ANALYSIS · 1 CREDIT ]
What really happened in this match?
Wolo.gg analyzes every decision: build order, eco, micro, common mistakes by bracket. Personalized analysis on WhatsApp or Discord in 30 seconds.
Civ guide
Romans
Perfil
Jugador #270855